Map: Whitewater Line LE

Players

PiPuxD - Winner!

  • Race: Terran Terran
  • League: Gold
  • Spawn Location: 7:00

Alebay - Winner!

  • Race: Protoss Protoss
  • Spawn Location: 6:00

MattBarry - Winner!

  • Race: Zerg Zerg
  • League: Gold
  • Spawn Location: 7:00

raynor

  • Race: Terran Terran
  • Spawn Location: 1:00

jose

  • Race: Terran Terran
  • Spawn Location: 1:00

chivox

  • Race: Protoss Protoss
  • Spawn Location: 12:00

VOD

Have the link to the VOD?

Description

Time

  • Played on: Jan. 27, 2023, 10:43 p.m.
  • Length: 14:03
Show
View Real Time Build Order
Export as new Build Order

PiPuxD Terran - Winner!

Build Orders: 2 Factory, Reaper Expand, Mech 

Get SALT Encoding   

  12  0:00  SCV  
  13  0:12  SCV  
  14  0:18  Supply Depot  
  14  0:24  SCV  
  15  0:40  SCV  
  15  0:41  Barracks  
  16  0:46  Refinery  
  16  0:52  SCV  
  17  1:04  SCV  
  18  1:16  SCV  
  19  1:28  Orbital Command  
  19  1:31  Reaper  
  20  1:43  Command Center  
  20  1:54  SCV  
  20  1:58  Refinery  
  22  2:08  SCV, Barracks Reactor  
  22  2:20  SCV  
  23  2:35  Factory  
  23  2:54  SCV  
  24  3:03  Supply Depot  
  24  3:05  Orbital Command  
  23  3:07  SCV  
  24  3:19  SCV  
  25  3:21  Factory  
  29  3:27  Hellion x2  
  29  3:31  SCV x2, Engineering Bay  
  31  3:35  Barracks Tech Lab  
  31  3:43  SCV x2  
  37  3:48  Armory, Hellion x2  
  38  3:55  SCV x2  
  38  3:58  Supply Depot  
  39  4:07  SCV x2  
  41  4:12  Starport  
  41  4:18  Missile Turret  
  41  4:19  SCV  
  41  4:20  Missile Turret, SCV  
  41  4:23  Barracks Reactor  
  43  4:30  Hellion x2, Siege Tank  
  50  4:32  SCV x2  
  50  4:36  Refinery  
  50  4:38  Refinery  
  52  4:47  Supply Depot x2  
  50  5:13  SCV x2  
  46  5:30  Hellion x2  
  46  5:31  Siege Tank  
  53  5:37  Infernal Pre-Igniter  
  53  5:39  SCV x2  
  55  5:51  SCV  
  55  5:52  SCV  
  57  5:57  Liberator  
  57  5:58  Liberator  
  57  6:01  Command Center  
  67  6:04  Siege Tank, Hellion x2  
  67  6:09  Supply Depot  
  67  6:10  Supply Depot  
  70  6:12  Supply Depot, Terran Vehicle Weapons Level 1  
  70  6:15  Armory  
  70  6:31  SCV x2  
  72  6:32  Supply Depot  
  72  6:33  Supply Depot  
  72  6:39  Siege Tank, Hellion x2  
  79  6:43  SCV x2  
  81  6:51  Factory  
  81  6:53  Factory  
  81  7:03  SCV x2  
  83  7:09  Hellion x2  
  83  7:10  Liberator x2  
  83  7:11  Siege Tank  
  96  7:18  Terran Vehicle And Ship Armor Level 1  
  96  7:23  Factory  
  96  7:25  Orbital Command  
  96  7:30  SCV x2  
  98  7:42  SCV x2  
  100  7:47  Hellion x2, Siege Tank  
  100  7:50  SCV  
  108  7:54  SCV x2, Refinery  
  108  7:55  Refinery  
  110  8:02  SCV  
  100  8:22  Siege Tank, Hellion x2  
  104  8:40  Liberator  
  104  8:41  Liberator  
  99  8:51  SCV x3  
  102  9:02  Factory Tech Lab  
  102  9:03  Command Center  
  102  9:09  Factory  
  102  9:10  Factory  
  102  9:37  SCV x3  
  105  9:43  Supply Depot x2  
  105  9:44  Terran Vehicle Weapons Level 2, Terran Vehicle And Ship Armor Level 2  
  105  9:45  Supply Depot  
  105  9:49  Thor x2, Hellion x2  
  115  10:13  Factory Tech Lab x2  
  115  10:16  Orbital Command  
  115  10:21  Hellion x2  
  119  10:23  Liberator x2  
  125  10:29  Supply Depot  
  125  10:32  Siege Tank x2  
  125  10:34  Siege Tank x2  
  137  10:40  Missile Turret  
  137  10:41  Missile Turret x2  
  137  10:53  Hellion x2  
  141  11:05  Missile Turret  
  141  11:06  Missile Turret  
  130  11:40  Siege Tank x3, Hellion x2  
  130  11:41  Siege Tank  
  144  11:52  Missile Turret  
  144  11:53  Missile Turret  
  144  11:54  Missile Turret  
  141  12:22  Thor x4  
  165  12:24  Viking x2  
  162  13:02  Missile Turret  
  162  13:03  Missile Turret  
  153  13:15  Thor x3, Command Center  
  168  13:25  Missile Turret  
Show
View Real Time Build Order
Export as new Build Order

Alebay Protoss - Winner!

Build Orders: 1 Gate Expand 

Get SALT Encoding   

  12  0:00  Probe  
  13  0:12  Probe  
  14  0:18  Pylon  
  14  0:24  Probe  
  15  0:30  Assimilator  
  15  0:36  Probe  
  16  0:47  Gateway  
  16  0:49  Probe  
  17  1:01  Probe  
  18  1:13  Probe  
  19  1:25  Probe  
  20  1:34  Nexus  
  20  1:44  Cybernetics Core  
  20  1:48  Assimilator, Probe  
  21  1:57  Pylon  
  21  2:00  Probe  
  22  2:12  Probe  
  22  2:14  Warp Gate (Chrono Boost)  
  23  2:20  Adept  
  25  2:26  Probe  
  26  2:38  Probe  
  26  2:42  Robotics Facility  
  27  2:44  Shield Battery  
  27  2:46  Probe  
  28  2:51  Probe  
  28  2:54  Stalker  
  31  2:59  Probe  
  31  3:03  Probe  
  33  3:12  Probe  
  34  3:15  Probe  
  34  3:16  Gateway  
  35  3:24  Probe  
  36  3:28  Probe  
  36  3:31  Pylon  
  37  3:37  Probe  
  37  3:38  Assimilator  
  37  3:40  Probe  
  39  3:43  Twilight Council  
  39  3:46  Stalker  
  41  3:49  Probe  
  41  3:55  Immortal  
  46  3:57  Probe  
  46  4:01  Probe  
  48  4:10  Stalker  
  48  4:11  Probe  
  48  4:12  Stalker  
  48  4:13  Probe  
  54  4:20  Blink (Chrono Boost)  
  54  4:21  Assimilator  
  54  4:23  Pylon  
  54  4:24  Pylon  
  54  4:35  Forge  
  54  4:41  Probe x2  
  56  4:46  Stalker x2  
  60  4:58  Probe x2  
  62  5:04  Immortal  
  66  5:07  Pylon  
  66  5:08  Pylon  
  64  5:28  Stalker x2  
  68  5:41  Gateway x2  
  68  5:45  Pylon  
  66  5:52  Stalker x2  
  70  6:06  Pylon  
  70  6:08  Pylon  
  70  6:09  Probe x2  
  72  6:19  Pylon  
  72  6:21  Probe  
  72  6:22  Probe  
  72  6:24  Protoss Ground Weapons Level 1 (Chrono Boost)  
  74  6:30  Stalker  
  74  6:31  Stalker  
  78  6:41  Gateway  
  78  6:43  Photon Cannon  
  78  6:45  Photon Cannon  
  78  6:46  Photon Cannon x2  
  78  6:48  Pylon  
  78  6:49  Stalker x2  
  82  6:56  Warp Prism  
  84  7:01  Stalker  
  84  7:03  Stalker  
  88  7:18  Forge  
  88  7:20  Stalker x2  
  92  7:32  Immortal  
  96  7:38  Stalker x3  
  102  7:46  Stalker x2  
  102  7:50  Pylon  
  106  7:51  Pylon  
  106  7:55  Protoss Ground Armor Level 1 (Chrono Boost)  
  106  8:04  Protoss Ground Weapons Level 2 (Chrono Boost)  
  106  8:11  Photon Cannon  
  82  9:09  Stalker x5  
  92  9:15  Warp Prism  
  94  9:34  Gateway x2  
  94  9:37  Nexus  
  94  9:42  Pylon  
  94  9:44  Pylon  
  94  9:51  Immortal  
  98  10:10  Photon Cannon  
  98  10:11  Photon Cannon  
  98  10:13  Photon Cannon  
  98  10:15  Shield Battery  
  98  10:18  Stalker  
  98  10:19  Stalker x4  
  108  10:31  Immortal  
  112  10:40  Protoss Ground Armor Level 2 (Chrono Boost)  
  112  10:53  Probe x3  
  115  10:57  Assimilator  
  115  11:08  Stalker x3  
  121  11:14  Assimilator  
  102  12:00  Stalker x7  
  89  13:08  Pylon  
  89  13:09  Pylon  
  89  13:10  Pylon  
  89  13:15  Pylon  
  89  13:16  Pylon  
  89  13:20  Pylon  
  89  13:23  Pylon  
  86  13:34  Stalker x2  
  88  14:02  Pylon  
Show
View Real Time Build Order
Export as new Build Order

MattBarry Zerg - Winner!

Build Orders: Hatch First 

Get SALT Encoding   

  12  0:00  Drone  
  13  0:13  Overlord  
  13  0:20  Drone  
  14  0:31  Drone x2  
  16  0:36  Drone  
  17  0:57  Drone  
  17  1:00  Hatchery  
  17  1:02  Extractor  
  16  1:12  Spawning Pool  
  15  1:18  Drone  
  15  1:19  Drone  
  15  1:22  Drone  
  18  1:30  Drone  
  19  1:52  Drone  
  19  1:53  Overlord  
  20  2:03  Metabolic Boost  
  20  2:05  Drone  
  21  2:10  Queen  
  21  2:14  Zergling x2  
  21  2:15  Zergling x2  
  25  2:36  Drone x4  
  29  3:03  Queen  
  31  3:11  Extractor  
  30  3:27  Evolution Chamber  
  29  3:49  Hatchery  
  29  3:53  Hatchery  
  29  3:54  Lair  
  27  3:57  Zerg Missile Weapons Level 1  
  27  3:58  Drone x2  
  27  3:59  Drone x7  
  36  4:03  Roach Warren  
  35  4:13  Pneumatized Carapace  
  35  4:26  Drone  
  35  4:27  Overlord x3  
  36  4:43  Overlord x2  
  36  4:47  Roach x2  
  36  4:48  Roach  
  42  4:57  Baneling Nest  
  42  4:58  Zergling x8  
  45  5:04  Glial Reconstitution  
  45  5:12  Queen  
  40  5:26  Drone x6  
  44  5:37  Queen  
  48  5:42  Roach  
  48  5:55  Drone  
  48  5:56  Drone x6  
  55  6:03  Spore Crawler  
  54  6:04  Spore Crawler  
  54  6:08  Spore Crawler  
  52  6:12  Spore Crawler, Queen  
  52  6:15  Spore Crawler  
  52  6:19  Drone x2  
  52  6:21  Drone  
  55  6:27  Drone x3  
  58  7:09  Drone x5  
  58  7:10  Drone x5  
  58  7:11  Drone, Overlord x2  
  69  7:16  Infestation Pit  
  69  7:19  Spire  
  69  7:21  Hydralisk Den  
  66  7:24  Drone x7  
  66  7:25  Hydralisk Den, Drone x2  
  66  7:26  Zerg Ground Armor Level 1  
  74  7:33  Evolution Chamber  
  73  7:46  Extractor  
  73  7:47  Extractor  
  71  7:57  Extractor  
  71  7:58  Extractor  
  69  8:03  Grooved Spines  
  69  8:04  Muscular Augments  
  69  8:06  Zergling x2  
  69  8:07  Zergling x40  
  69  8:11  Zerg Melee Weapons Level 1  
  90  8:17  Evolution Chamber  
  89  8:37  Drone x7  
  96  8:46  Zerg Missile Weapons Level 2  
  96  8:48  Hydralisk  
  96  8:49  Hydralisk x2  
  96  8:50  Overlord x4  
  96  8:51  Overlord  
  96  8:52  Overseer x2  
  101  9:17  Overlord x4  
  101  9:20  Hydralisk  
  101  9:21  Hydralisk x6  
  115  9:36  Overlord x2  
  115  9:41  Hive  
  115  9:50  Hatchery  
  114  10:00  Hydralisk x4  
  114  10:01  Hydralisk x4  
  130  10:42  Hydralisk  
  130  10:43  Hydralisk x7  
  130  10:44  Hydralisk x3  
  130  10:45  Hydralisk x2  
  130  10:46  Infestor x2  
  160  10:55  Overseer  
  159  11:32  Queen x2  
  159  11:35  Drone x5  
  159  11:36  Drone x9  
  159  11:37  Drone x6  
  169  12:01  Corruptor  
  169  12:02  Corruptor x9  
  169  12:04  Overlord x3  
  169  12:07  Overlord  
  189  12:11  Overseer  
  181  12:32  Corruptor  
  181  12:33  Corruptor x7  
  181  12:34  Corruptor  
  179  13:34  Spire  
  175  13:43  Spore Crawler  
  171  13:49  Spore Crawler  
Show
View Real Time Build Order
Export as new Build Order

raynor Terran 

Build Orders:  

Get SALT Encoding   

  12  0:04  SCV  
  13  0:16  SCV  
  14  0:28  SCV  
  14  0:30  Supply Depot  
  14  0:31  Refinery  
  15  0:52  SCV  
  15  0:54  Barracks  
  16  1:14  Barracks  
  16  1:22  Barracks  
  16  1:23  SCV  
  17  1:30  Refinery  
  17  1:35  SCV  
  18  1:43  Marine  
  19  1:52  Orbital Command  
  19  2:01  Engineering Bay  
  19  2:05  Marine  
  20  2:09  Marine  
  20  2:15  Marine  
  22  2:26  Supply Depot  
  22  2:47  Barracks Reactor  
  22  2:48  Barracks Reactor  
  22  2:49  Barracks Tech Lab  
  22  3:14  Marine  
  22  3:17  Stimpack  
  23  3:20  Factory  
  23  3:23  Supply Depot, SCV  
  24  3:29  Missile Turret  
  24  3:33  Missile Turret  
  24  3:34  Missile Turret  
  24  3:42  Marine x4  
  24  3:43  Marine  
  29  3:52  SCV  
  30  4:04  SCV  
  30  4:06  Missile Turret  
  31  4:10  Marine x3  
  31  4:12  Marine  
  31  4:16  SCV  
  36  4:17  Factory Tech Lab  
  36  4:24  Marine  
  36  4:28  Marine  
  38  4:37  Marine  
  39  4:46  Supply Depot  
  39  4:48  Supply Depot  
  39  5:07  Marine x2  
  29  5:24  Siege Tank  
  28  5:34  Command Center  
  28  5:38  SCV  
  29  5:50  SCV  
  30  6:11  Combat Shield  
  30  6:14  Barracks Reactor  
  30  6:20  Missile Turret  
  30  6:40  Siege Tank  
  33  6:47  Missile Turret  
  33  6:48  Starport  
  33  6:49  Missile Turret  
  33  6:50  Orbital Command  
  33  6:53  SCV  
  34  6:56  Marine x3  
  34  6:57  Marine x2  
  39  7:05  SCV  
  40  7:13  Refinery x2  
  40  7:14  Marine  
  41  7:17  SCV  
  41  7:19  SCV  
  43  7:26  Starport  
  43  7:29  SCV  
  44  7:32  SCV  
  44  7:34  Starport Tech Lab  
  45  7:41  SCV  
  45  7:42  Fusion Core  
  45  7:44  SCV  
  47  7:53  SCV  
  47  7:56  Starport, SCV  
  49  8:03  Starport Tech Lab  
  49  8:07  SCV  
  49  8:08  SCV  
  51  8:19  SCV  
  52  8:20  Barracks Reactor  
  43  8:58  Starport Tech Lab  
  40  9:15  Battlecruiser  
  46  9:17  Battlecruiser  
  46  9:18  Battlecruiser  
  58  9:24  Starport  
  58  9:25  Weapon Refit  
  58  9:27  SCV x2  
  60  9:39  SCV  
  60  9:40  SCV  
  62  9:51  SCV  
  62  9:52  SCV  
  64  10:13  Marine x5  
  69  10:26  Command Center  
  69  10:30  Supply Depot, Marine, Battlecruiser  
  69  10:31  Marine x2  
  69  10:32  Supply Depot  
  78  10:36  Supply Depot  
  78  10:51  Marine x2  
  78  10:52  Battlecruiser  
  78  10:54  Marine x3  
  89  10:57  Supply Depot  
  89  10:58  Battlecruiser  
  89  11:03  Starport Tech Lab  
  95  11:09  Marine x2  
  97  11:11  Marine x3  
  100  11:27  Marine  
  100  11:29  Marine  
  98  11:47  Marine  
  88  12:13  Marine x5  
  73  12:30  Marine  
  73  12:31  Marine x4  
  71  12:48  Marine  
  71  12:49  Marine x4, Battlecruiser x2  
  94  12:51  Battlecruiser  
  88  13:06  Marine  
  88  13:07  Marine x4  
  87  13:24  Marine x4  
  87  13:25  Marine  
  81  13:42  Marine  
Show
View Real Time Build Order
Export as new Build Order

jose Terran 

Build Orders:  

Get SALT Encoding   

  12  0:00  SCV  
  13  0:12  SCV  
  14  0:24  SCV  
  14  0:26  Supply Depot  
  15  0:33  Refinery  
  15  0:49  Barracks  
  15  0:59  Barracks  
  15  1:03  Refinery  
  15  1:07  SCV  
  16  1:19  SCV  
  17  1:31  SCV  
  18  1:41  Barracks Reactor  
  18  1:43  SCV  
  19  1:48  Barracks Reactor  
  19  1:56  SCV  
  20  2:03  Supply Depot  
  20  2:08  SCV  
  21  2:19  Marine  
  21  2:20  Barracks  
  21  2:21  Marine  
  23  2:26  Marine  
  24  2:30  Marine  
  25  3:04  Reaper  
  25  3:05  Reaper, Marine x2  
  30  3:16  Barracks Tech Lab  
  29  3:21  Orbital Command  
  29  3:23  Marine x2  
  29  3:26  Supply Depot  
  31  3:34  Stimpack  
  31  3:47  Marine x4  
  35  3:50  SCV  
  36  3:57  Engineering Bay  
  36  3:59  Marine  
  37  4:05  Marine  
  37  4:08  SCV  
  39  4:12  Marine x2  
  39  4:15  Marine  
  42  4:35  Reaper x3  
  42  4:36  Reaper  
  46  4:41  Supply Depot  
  46  4:46  Supply Depot  
  27  5:42  Marine x5  
  32  5:55  Factory  
  32  5:58  Factory  
  32  5:59  Marine  
  33  6:34  Command Center  
  33  6:35  Missile Turret  
  33  6:36  Missile Turret  
  33  6:41  Factory Tech Lab  
  33  6:51  Refinery  
  33  6:55  Factory Tech Lab  
  33  6:58  Refinery  
  33  7:03  SCV  
  33  7:06  Marine  
  33  7:07  Marine x3  
  38  7:11  Factory Reactor  
  38  7:15  SCV  
  39  7:23  Siege Tank  
  39  7:27  SCV  
  43  7:33  Starport  
  43  7:36  Starport  
  43  7:39  Starport, SCV  
  43  7:43  Starport  
  44  7:51  SCV  
  45  7:54  Widow Mine x2  
  49  8:03  SCV  
  50  8:15  SCV  
  50  8:16  Widow Mine x2  
  55  8:27  SCV  
  55  8:37  Widow Mine  
  40  9:10  Starport Tech Lab x3  
  40  9:21  Hyperflight Rotors  
  40  9:22  SCV  
  41  9:26  Starport Tech Lab  
  41  9:29  Siege Tank  
  44  9:34  SCV  
  45  9:38  Banshee x2  
  45  9:39  Banshee  
  45  9:41  Cloaking Field  
  54  9:46  SCV  
  54  9:47  Banshee  
  58  9:56  Armory x2  
  59  10:01  Siege Tank  
  61  10:07  Orbital Command  
  61  10:22  Banshee x2  
  61  10:23  Banshee  
  70  10:30  Banshee  
  73  10:43  Terran Vehicle Weapons Level 1  
  73  10:45  Terran Vehicle And Ship Armor Level 1  
  73  10:59  Widow Mine x2  
  73  11:02  Command Center  
  77  11:09  Widow Mine  
  79  11:13  Armory  
  79  11:20  Banshee  
  79  11:21  Widow Mine x2  
  84  11:30  Widow Mine  
  82  11:34  Viking x2  
  83  11:42  Widow Mine  
  67  12:27  SCV  
  68  12:39  SCV  
  69  12:48  Viking x3  
  69  12:49  Banshee  
  78  12:51  SCV  
  79  13:03  SCV  
  80  13:16  SCV  
  75  13:28  SCV  
  66  13:40  SCV  
Show
View Real Time Build Order
Export as new Build Order

chivox Protoss 

Build Orders:  

Get SALT Encoding   

  12  0:03  Probe  
  13  0:15  Probe  
  14  0:27  Probe  
  14  0:28  Pylon  
  15  0:42  Assimilator  
  15  0:46  Probe  
  16  0:55  Gateway  
  16  1:02  Probe  
  17  1:07  Pylon  
  17  1:15  Assimilator, Probe  
  18  1:27  Probe  
  19  1:39  Probe  
  20  1:51  Nexus, Probe  
  21  2:03  Probe (Chrono Boost)  
  22  2:14  Probe (Chrono Boost)  
  23  2:19  Cybernetics Core  
  23  2:23  Forge  
  23  2:26  Probe  
  23  2:28  Pylon  
  23  2:41  Probe  
  24  2:53  Probe  
  24  2:55  Pylon  
  25  3:03  Photon Cannon  
  25  3:05  Probe  
  26  3:09  Stargate  
  26  3:14  Pylon  
  26  3:22  Photon Cannon  
  26  3:24  Probe (Chrono Boost)  
  28  3:27  Probe (Chrono Boost)  
  28  3:36  Probe (Chrono Boost)  
  28  3:38  Probe (Chrono Boost)  
  30  3:43  Probe (Chrono Boost)  
  30  3:46  Probe (Chrono Boost)  
  32  3:50  Probe  
  33  3:56  Protoss Air Armor Level 1, Probe  
  33  4:02  Probe, Oracle  
  38  4:09  Probe (Chrono Boost)  
  39  4:11  Assimilator  
  39  4:14  Probe (Chrono Boost)  
  39  4:16  Assimilator  
  40  4:21  Probe (Chrono Boost)  
  42  4:25  Probe (Chrono Boost)  
  42  4:27  Probe (Chrono Boost)  
  42  4:30  Stargate, Probe (Chrono Boost)  
  43  4:37  Probe  
  45  4:39  Oracle  
  48  4:50  Probe x2  
  50  5:04  Protoss Shields Level 1  
  50  5:05  Probe x2  
  52  5:10  Pylon  
  52  5:17  Photon Cannon, Probe  
  52  5:19  Probe  
  54  5:21  Photon Cannon  
  62  5:29  Probe  
  62  5:32  Void Ray x2  
  62  5:33  Probe  
  64  5:42  Probe  
  65  6:04  Probe x2  
  67  6:15  Void Ray x2 (Chrono Boost)  
  67  6:16  Probe x2  
  77  6:28  Probe  
  78  6:32  Nexus  
  78  6:45  Pylon  
  78  6:48  Pylon  
  78  7:05  Probe x2 (Chrono Boost)  
  88  7:08  Shield Battery  
  88  7:09  Protoss Air Weapons Level 1, Void Ray, Shield Battery  
  88  7:10  Probe (Chrono Boost)  
  88  7:11  Probe  
  88  7:12  Void Ray  
  88  7:13  Shield Battery  
  90  7:21  Probe  
  91  7:23  Probe  
  92  7:30  Stargate  
  92  7:32  Stargate  
  92  7:33  Probe  
  92  7:35  Probe  
  94  7:39  Fleet Beacon  
  94  7:40  Stargate  
  94  7:42  Pylon  
  94  7:43  Pylon  
  94  7:45  Pylon, Probe  
  94  7:47  Probe  
  96  7:54  Assimilator  
  96  7:56  Assimilator  
  96  7:57  Probe  
  97  7:59  Pylon, Probe  
  97  8:02  Pylon  
  98  8:06  Pylon  
  82  8:45  Void Ray x2  
  89  8:49  Void Ray x3  
  76  9:22  Flux Vanes  
  84  9:28  Void Ray x2  
  88  9:32  Void Ray  
  96  9:44  Void Ray x2  
  96  10:05  Probe x2  
  102  10:22  Void Ray  
  102  10:24  Nexus  
  102  10:28  Pylon  
  102  10:30  Pylon  
  102  10:33  Pylon  
  102  10:37  Pylon  
  102  10:46  Probe x2  
  112  10:52  Void Ray  
  112  10:54  Void Ray  
  112  10:58  Probe x2  
  112  11:00  Shield Battery  
  112  11:03  Photon Cannon  
  112  11:04  Photon Cannon  
  114  11:05  Protoss Air Armor Level 2  
  114  11:07  Shield Battery  
  114  11:09  Photon Cannon  
  114  11:10  Probe  
  114  11:11  Photon Cannon  
  115  11:18  Probe  
  116  11:22  Probe  
  121  11:30  Void Ray  
  120  11:37  Probe x3  
  110  11:56  Probe x3  
  110  12:08  Probe x2  
  91  12:57  Void Ray x5  
Tags
 
Add a new tag
Caveats
  • Supply blocks, unpowered buildings, or Contaminate may cause inaccurate times.
  • Supply counts are checked every 10 seconds.